 Dungeon Crawl Stone Soup version 0.32-a0-732-ga344392067 (webtiles) character file.

Game seed: 2219902562567466222

840 gimp the Digger (level 7, 0/50 HPs)
             Began as an Armataur Earth Elementalist on Mar 16, 2024.
             Succumbed to a scorpion's poison
             ... on level 5 of the Dungeon.
             The game lasted 00:06:25 (4188 turns).

gimp the Digger (Armataur Earth Elementalist)       Turns: 4188, Time: 00:06:26

Health: 0/50       AC:  4    Str: 13    XL:     7   Next: 67%
Magic:  1/12       EV:  8    Int: 18    God:
Gold:   272        SH:  0    Dex: 10    Spells: 6/13 levels left

rFire   . . .        p - staff of air
rCold   . . .        (no shield)
rNeg    . . .        a - +0 robe
rPois   .            (no helmet)
rElec   +            (no cloak)
rCorr   .            (no gloves)
SInv    .            (no barding)
Will    .....        (no amulet)
Stlth   ++           (no ring)
HPRegen 0.28/turn    (no ring)
MPRegen 0.13/turn

%: roll
@: brilliant, lethally poisoned (0 -> -15)
A: large, deformed body, tough skin 3, armoured tail, rollpage 2
a: no special abilities


You were on level 5 of the Dungeon.
You visited 1 branch of the dungeon, and saw 5 of its levels.

You collected 272 gold pieces.

Inventory:

Armour
 a - a +0 robe (worn)
 e - a +0 scale mail of cold resistance
Magical Staves
 p - a staff of air (weapon)
Jewellery
 o - a ring of positive energy
Wands
 m - a wand of flame (11)
Scrolls
 b - 2 scrolls of blinking {unknown}
 d - a scroll of teleportation {unknown}
 i - 2 scrolls of noise
 j - a scroll of revelation
 r - a scroll of identify {unknown}
Potions
 c - a potion of might {unknown}
 g - a potion of brilliance
 h - a potion of resistance {unknown}
 k - 2 potions of curing {unknown}
 l - 2 potions of heal wounds {unknown}
 n - a potion of lignification {unknown}
 q - a potion of attraction {unknown}
 s - a potion of cancellation {unknown}
 t - 2 potions of haste {unknown}
 u - a potion of enlightenment {unknown}


   Skills:
 - Level 1.3 Dodging
 - Level 2.1 Stealth
 + Level 3.6 Spellcasting
 * Level 4.8 Conjurations
 * Level 5.8 Earth Magic


You had 6 spell levels left.
You knew the following spells:

 Your Spells              Type           Power      Damage    Failure   Level
a - Sandblast             Erth           72%        2d16      1%          1
b - Stone Arrow           Conj/Erth      66%        3d11      4%          3
c - Passwall              Erth           36%        N/A       4%          3

Your spell library contained the following spells:

 Spells                   Type           Power      Damage    Failure   Level
 Brom's Barrelling Bould  Conj/Erth      33%        2d5       17%         4
 Cigotuvi's Dreadful Rot  Necr/Alch/Air  14%        N/A       24%         2
 Tukima's Dance           Hex            4%         N/A       43%         3
 Petrify                  Alch/Erth      20%        N/A       43%         4
 Iskenderun's Mystic Bla  Conj/Tloc      18%        2d6       50%         4
 Dimensional Bullseye     Hex/Tloc       2%         N/A       83%         4
 Ignite Poison            Fire/Alch      4%         N/A       83%         4
 Freezing Cloud           Conj/Ice/Air   10%        6-21      91%         5


Dungeon Overview and Level Annotations

Branches:
Dungeon (5/15)             Temple (0/1) D:5

Altars:
Makhleb
The Shining One

Annotations:
D:4 exclusion: moth of wrath


Innate Abilities, Weirdness & Mutations

Armour fits poorly on your strangely shaped body.
You have extremely tough skin. (AC +3)
You have a long armoured tail.
You regenerate magic and health when rolling toward enemies. (Rampage Regen)


Message History

You kill the ice beast!
You now have 3/12 mp.
An orc comes into view. It is wielding a +0 hand axe.
Found 5 gold pieces.
An orc is nearby!
The orc shouts!
You hear a shout! x4
Casting: Stone Arrow (dangerous; 5% risk of failure)
Confirm with . or Enter, or press ? or * to list all spells.
Aiming: Sandblast (safe; 1% risk of failure)
Press: ? - help, Shift-Dir - straight line, f - orc
Aim: an orc, wielding a +0 hand axe (83% to hit)
The blast of sand hits the orc!
You kill the orc!
You now have 2/12 mp.
Casting: Sandblast (safe; 1% risk of failure)
Confirm with . or Enter, or press ? or * to list all spells.
You can't see any susceptible monsters within range! (Use Z to cast anyway.)
An orc wizard comes into view. It is wielding a +0 dagger.
An orc wizard is nearby!
Found a stone staircase leading up.
Casting: Sandblast (safe; 1% risk of failure)
Confirm with . or Enter, or press ? or * to list all spells.
Aiming: Sandblast (safe; 1% risk of failure)
Press: ? - help, Shift-Dir - straight line, f - orc wizard
Aim: an orc wizard, wielding a +0 dagger and wearing a +0 robe (79% to hit)
The blast of sand hits the orc wizard.
The orc wizard is moderately wounded.
An orc warrior comes into view. It is wielding a +0 war axe.
The orc wizard mumbles some strange words.
The orc wizard flickers and vanishes!
Deactivating autopickup; reactivate with Ctrl-A.
You now have 2/12 mp.
Casting: Sandblast (safe; 1% risk of failure)
Confirm with . or Enter, or press ? or * to list all spells.
Aiming: Sandblast (safe; 1% risk of failure)
Press: ? - help, Shift-Dir - straight line, f - orc warrior
Aim: an orc warrior, wielding a +0 war axe, wearing a +0 chain mail and quivering boomerangs (81% to hit)
The blast of sand hits something!
Reactivating autopickup.
You feel a bit more experienced.
A scorpion comes into view.
You now have 1/12 mp.
Casting: Sandblast (safe; 1% risk of failure)
Confirm with . or Enter, or press ? or * to list all spells.
Aiming: Sandblast (safe; 1% risk of failure)
Press: ? - help, Shift-Dir - straight line, f/p - orc warrior
Aim: an orc warrior, wielding a +0 war axe, wearing a +0 chain mail and quivering boomerangs (81% to hit)
The blast of sand hits the orc warrior but does no damage.
An orc comes into view. It is wielding a +0 dagger.
The orc warrior throws a boomerang.
The boomerang hits you!
You take 10 damage, and have 40/50 hp.
Unknown command.
An orc comes into view. It is wielding a +0 club.
The orc shouts!
The scorpion stings you but does no damage.
The scorpion barely misses you.
You barely miss the scorpion.
The orc shouts!
You tail-slap the scorpion, but do no damage.
The scorpion stings you.
You are poisoned.
The scorpion poisons you!
You take 6 damage, and have 34/50 hp.
Unknown command.
Okay, then.
Okay, then.
Okay, then.
Sorry, you're not good enough to have a special ability.
Unknown command.
You feel sick. The scorpion stings you.
You take 3 damage, and have 31/50 hp.
As you read the scroll labelled HITIOF HAATID, it crumbles to dust.
You hear a loud clanging noise!
It was a scroll of noise.
You feel sick.
You hear a chilling moan. x2; You hear an angry hiss.
The scorpion stings you but does no damage.
The orc warrior hits you with a +0 war axe.
You take 7 damage, and have 24/50 hp.
As you read the scroll labelled HUOKLA NYSO, it crumbles to dust.
You feel aware of your surroundings.
You sensed 1 altar.
It was a scroll of revelation.
You feel sick.
The scorpion stings you but does no damage.
The orc warrior hits you with a +0 war axe!
* * * LOW HITPOINT WARNING * * *
The orc hits you but does no damage. The scorpion stings you.
* * * LOW HITPOINT WARNING * * *
You take 14 damage, and have 10/50 hp.
MASSIVE DAMAGE!!
As you read the scroll labelled BAICVA BETETHRE, it crumbles to dust.
It is a scroll of enchant weapon.
You aren't carrying any weapons that can be enchanted.
You feel sick. The orc barely misses you. The scorpion stings you.
* * * LOW HITPOINT WARNING * * *
You are more poisoned.
The scorpion poisons you!
You take 6 damage, and have 4/50 hp.
Unknown command.
Okay, then.
It was a potion of brilliance.
You feel clever all of a sudden.
You die...

#.#..#_+.##........##.#
#(#..#*#.##.####.#.##.##
.....# #.##.####.#..#.##
.....# #....####.##.#.##
.....###.#######.##.#.##
##.#.....#######......##
>#.################.####
...# *,,.....######.####
.#.# *,,.......o@o.....#
...# *,,........s#####.#
...# *,,........o#####.#
##.# *,,.........#####.#
...# *,,.$.....<.#####.#
##.# *,*#.##....)#####.#
#.###,,..##...........#
#...#,.........########
###.#....##.####


You could see an orc warrior, a scorpion and 2 orcs.

Vanquished Creatures
  2 water moccasins
  An ogre (D:4)
  An ice beast (D:5)
  2 phantoms
  A bombardier beetle (D:4)
  An iguana (D:4)
  4 orc wizards
  A gnoll (D:1)
  5 adders
  2 ufetubi (D:3)
  2 dart slugs
  3 ribbon worms
  11 orcs
  5 endoplasms
  3 giant cockroaches (D:2)
  6 goblins
  10 hobgoblins
  3 quokkas
  3 ball pythons
  5 bats
  3 frilled lizards
  6 kobolds
  4 rats
84 creatures vanquished.

Vanquished Creatures (others)
  An orc wizard (D:4)
1 creature vanquished.

Grand Total: 85 creatures vanquished

Notes
Turn   | Place    | Note
-------+----------+-------------------------------------------
     0 | D:1      | gimp the Armataur Earth Elementalist began the quest for
                  | the Orb.
     0 | D:1      | Reached XP level 1. HP: 14/14 MP: 3/3
    81 | D:1      | Reached skill level 1 in Conjurations
   262 | D:1      | Reached skill level 3 in Earth Magic
   262 | D:1      | Reached XP level 2. HP: 19/20 MP: 0/5
   850 | D:2      | Found a burning altar of Makhleb.
  1001 | D:2      | Reached XP level 3. HP: 26/26 MP: 6/6
  1005 | D:2      | Learned a level 3 spell: Stone Arrow
  1164 | D:2      | Noticed a phantom
  1175 | D:2      | Killed a phantom
  1176 | D:2      | Reached XP level 4. HP: 4/33 MP: 5/7
  1678 | D:2      | Reached XP level 5. HP: 28/38 MP: 8/8
  1787 | D:3      | Reached skill level 4 in Earth Magic
  2226 | D:3      | Learned a level 3 spell: Passwall
  2592 | D:4      | Noticed a moth of wrath
  2712 | D:4      | Noticed an ogre
  2716 | D:4      | Killed an ogre
  2859 | D:4      | Reached XP level 6. HP: 45/45 MP: 10/10
  3037 | D:4      | Noticed a water moccasin
  3040 | D:4      | Killed a water moccasin
  3041 | D:4      | Reached skill level 5 in Earth Magic
  3130 | D:4      | Gained mutation: You regenerate magic and health when
                  | rolling toward enemies. (Rampage Regen) [Armataur growth]
  3130 | D:4      | Reached XP level 7. HP: 39/50 MP: 3/11
  3556 | D:4      | Found a glowing golden altar of the Shining One.
  4014 | D:5      | Entered Level 5 of the Dungeon
  4188 | D:5      | Succumbed to a scorpion's poison

Illustrated notes

Levels and vault maps discovered:
D:1:      dpeg_arrival_round_a, layout_basic
D:2:      layout_loops_ring, basic_altar
D:3:      layout_rooms
D:4:      nicolae_cairo_tiling, layout_loops_corners, tgw_trog,
          mainiacjoe_overflow_alcove_4
D:5:      cheibrodos_quashed, layout_loops_cross, kennysheep_mini, temple_green

Skill      XL: |  1  2  3  4  5  6 |
---------------+-------------------+-----
Conjurations   | 1 2 3 4 |  4.8
Spellcasting   | 2 3 |  3.6
Earth Magic    | 3 4 5 |  5.8
Dodging        | |  1.3
Stealth        | |  2.1

Action                     |  1- 3 |  4- 6 |  7- 9 || total
---------------------------+-------+-------+-------++-------
  Melee: Unarmed           |     9 |       |       ||     9
         Staff             |       |     4 |     3 ||     7
         Tailslap          |       |       |     1 ||     1
   Cast: Sandblast         |    41 |    75 |    36 ||   152
         Stone Arrow       |       |     4 |     4 ||     8
    Use: Potion            |     1 |       |     1 ||     2
         Scroll            |       |       |     3 ||     3
 Armour: Robe              |    13 |    54 |    23 ||    90
  Dodge: Dodged            |    12 |    26 |    18 ||    56

Table legend: (Time is in decaauts)
 A = Elapsed time spent in this place.
 B = Non-inter-level travel time spent in this place.
 C = Inter-level travel time spent in this place.
 D = Time resting spent in this place.
 E = Time spent auto-exploring this place.
 F = Levels seen in this place.
 G = Mean time per level.
                   A        B        C        D        E       F      G
               +--------+--------+--------+--------+--------+-----+--------+
         Total |   4263 |   4199 |     64 |      2 |   3596 |   5 |  852.6 |
       Dungeon |   4263 |   4199 |     64 |      2 |   3596 |   5 |  852.6 |
               +--------+--------+--------+--------+--------+-----+--------+

Top non-repeatable levels by time:
     D:4: 1528 daAuts
     D:2: 952 daAuts
     D:1: 830 daAuts
     D:3: 774 daAuts
     D:5: 178 daAuts
